 Dungeon Crawl Stone Soup version 0.31.0-9-g3a7656b989 (webtiles) character file.

Game seed: 18167757871465714828

1172 GreatBamboolord the Magician (level 8, -5/62 HPs)
             Began as an Armataur Hedge Wizard on Jan 25, 2024.
             Was an Initiate of Sif Muna.
             Slain by an orc warrior
             ... wielding a +0 dire flail
              (15 damage)
             ... on level 5 of the Dungeon.
             The game lasted 00:14:21 (5737 turns).

GreatBamboolord the Magician (AtHW)                 Turns: 5737, Time: 00:14:22

Health: -5/62      AC:  9    Str: 14    XL:     8   Next: 18%
Magic:  14/14      EV: 13    Int: 17    God:    Sif Muna [......]
Gold:   259        SH:  0    Dex: 13    Spells: 13/16 levels left

rFire   . . .        h - +2 broad axe (distort)
rCold   + . .        (no shield)
rNeg    . . .        n - +0 robe
rPois   +            c - +0 hat
rElec   .            o - scarf {repulsion}
rCorr   .            (no gloves)
SInv    .            t - +1 barding {rC+}
Will    .....        (no amulet)
Stlth   +++          j - +5 ring of evasion
HPRegen 0.30/turn    l - ring of poison resistance
MPRegen 0.14/turn

%: repel missiles, roll
@: no status effects
A: large, deformed body, tough skin 3, armoured tail, roll 2, agile 1,
deterioration 1
a: Renounce Religion


You were on level 5 of the Dungeon.
You worshipped Sif Muna.
Sif Muna was noncommittal.
You visited 1 branch of the dungeon, and saw 5 of its levels.

You collected 395 gold pieces.
You spent 136 gold pieces at shops.

Inventory:

Hand Weapons
 a - a +2 dagger of flaming
 h - a +2 broad axe of distortion (weapon)
Armour
 c - a +0 hat (worn)
 n - a +0 robe (worn)
 o - a scarf of repulsion (worn)
 t - a +1 barding of cold resistance (worn)
Jewellery
 i - a ring of willpower
 j - a +5 ring of evasion (left hand)
 k - a ring of protection from cold
 l - a ring of poison resistance (right hand)
 r - a ring of positive energy
Wands
 f - a wand of charming (4)
Scrolls
 b - 2 scrolls of teleportation
 e - 3 scrolls of amnesia
 g - 2 scrolls of fear
 m - a scroll of fog
 p - a scroll of poison {unknown}
 q - a scroll of immolation {unknown}
Potions
 d - 2 potions of magic


   Skills:
 + Level 2.4 Fighting
 + Level 1.1 Axes
 + Level 3.0 Dodging
 + Level 4.1 Stealth
 * Level 4.5 Spellcasting
 * Level 3.8 Conjurations
 * Level 3.3 Summonings
 - Level 1.4 Translocations
 + Level 1.9 Invocations


You had 13 spell levels left.
You knew the following spells:

 Your Spells              Type           Power      Damage    Failure   Level
a - Magic Dart            Conj           68%        1d6       3%          1
b - Call Imp              Summ           30%        N/A       6%          2

Your spell library contained the following spells:

 Spells                   Type           Power      Damage    Failure   Level
 Blink                    Tloc           16%        N/A       13%         2
 Lesser Beckoning         Tloc           16%        N/A       13%         2
 Freeze                   Ice            12%        1d3       16%         1
 Slow                     Hex            12%        N/A       16%         1
 Hailstorm                Conj/Ice       10%        3d6       21%         3
 Cigotuvi's Dreadful Rot  Necr/Alch/Air  6%         N/A       22%         2
 Gell's Gravitas          Tloc           8%         N/A       26%         3
 Mephitic Cloud           Conj/Alch/Air  8%         N/A       26%         3
 Teleport Other           Tloc           8%         N/A       26%         3
 Frozen Ramparts          Ice            6%         1d1       41%         3


Dungeon Overview and Level Annotations

Branches:
Dungeon (5/15)             Temple (0/1) D:5

Altars:
Ashenzari
Makhleb
Okawaru
Qazlal
Sif Muna

Shops:
D:2 [   D:5 [

Annotations:
D:5 1 runed translucent door, Crazy Yiuf


Innate Abilities, Weirdness & Mutations

Armour fits poorly on your strangely shaped body.
You have extremely tough skin. (AC +3)
You have a long armoured tail.
You regenerate magic and health when rolling toward enemies. (Rampage Regen)
You are agile. (Dex +4, Str/Int -1)
Your body sometimes deteriorates upon taking damage.


Message History

You barely miss the orc warrior.
The orc warrior is severely wounded.
The orc warrior hits you with a +0 dire flail.
The orc warrior completely misses you.
You see here a hound corpse.
You barely miss the orc warrior.
The orc warrior is severely wounded.
The orc warrior closely misses you.
You closely miss the orc warrior.
Your tail-slap misses the orc warrior.
The orc warrior is severely wounded.
The orc warrior hits you with a +0 dire flail!
The orc priest looks satisfied for a moment.
The orc warrior hits you with a +0 dire flail!
You closely miss the orc warrior.
The orc warrior is severely wounded.
The orc warrior hits you with a +0 dire flail!
You barely miss the orc warrior.
The orc warrior is severely wounded.
The orc warrior hits you with a +0 dire flail.
* * * LOW HITPOINT WARNING * * *
The orc warrior barely misses you.
The orc priest casts a cantrip, but nothing happens.
Unknown command.
You hit the orc warrior but do no damage.
Space warps around the orc warrior.
Your punch misses the orc warrior.
The orc warrior is almost dead.
The orc priest looks braver for a moment.
The orc warrior barely misses you.
Unknown command.
You closely miss the orc warrior.
You tail-slap the orc warrior, but do no damage.
The orc warrior is almost dead.
The orc warrior barely misses you.
The orc warrior hits you with a +0 dire flail!
* * * LOW HITPOINT WARNING * * *
Unknown command.
It was a potion of mutation.
You feel extremely strange.
You feel agile.
You feel yourself wasting away.
The orc warrior hits you with a +0 dire flail!
You die...

##.##
#.#.############
.#.............#
#...##########.#
##...## #.#
#.....# ###.###
.....## #.†...#
###.## #.###.#
#.# #. #@# #.#
#.###o# +#
#...oo#
........###
.#####..#
.#..[#...
.#####..#
...∩.....
.#####..#


You could see an orc warrior and 2 orc priests.

Vanquished Creatures
  Eustachio (D:5)
  2 ice beasts (D:5)
  2 ogres
  A phantom (D:4)
  A gnoll sergeant (D:5)
  A howler monkey (D:5)
  2 hounds
  A gnoll bouda (D:5)
  An orc priest (D:5)
  An iguana (D:4)
  3 orc wizards
  9 gnolls (D:5)
  7 adders
  14 orcs
  7 ball pythons
  3 endoplasms
  6 giant cockroaches (D:1)
  11 goblins
  8 hobgoblins
  2 jackals (D:3)
  5 quokkas
  4 bats
  3 frilled lizards
  9 kobolds
  A rat (D:1)
105 creatures vanquished.

Vanquished Creatures (collateral kills)
  A bombardier beetle (D:3)
  2 ribbon worms (D:3)
3 creatures vanquished.

Grand Total: 108 creatures vanquished

Notes
Turn   | Place    | Note
-------+----------+-------------------------------------------
     0 | D:1      | GreatBamboolord the Armataur Hedge Wizard began the quest
                  | for the Orb.
     0 | D:1      | Reached XP level 1. HP: 14/14 MP: 4/4
   245 | D:1      | Reached skill level 1 in Conjurations
   356 | D:1      | Reached XP level 2. HP: 16/20 MP: 2/5
   755 | D:1      | Learned a level 2 spell: Call Imp
  1393 | D:2      | Reached XP level 3. HP: 27/27 MP: 5/7
  1519 | D:2      | Reached skill level 1 in Summonings
  1694 | D:2      | Found Gyloicw's Antique Armour Shop.
  1797 | D:2      | Bought an embroidered scarf for 136 gold pieces
  1949 | D:2      | Found a faded altar of an unknown god.
  2405 | D:3      | Reached XP level 4. HP: 25/34 MP: 8/8
  3233 | D:3      | Found a burning altar of Makhleb.
  3233 | D:3      | Noticed a green death
  3238 | D:3      | Noticed a hellwing
  3238 | D:3      | Noticed a ynoxinul
  3419 | D:3      | Found a broken altar of Ashenzari.
  3852 | D:3      | Reached skill level 1 in Fighting
  3852 | D:3      | Reached XP level 5. HP: 29/40 MP: 0/9
  4270 | D:4      | Noticed an ogre
  4294 | D:4      | Killed an ogre
  4295 | D:4      | Reached XP level 6. HP: 47/47 MP: 2/11
  4402 | D:4      | Found a stormy altar of Qazlal.
  4402 | D:4      | Found a shimmering blue altar of Sif Muna.
  4417 | D:4      | Became a worshipper of Sif Muna the Loreminder
  4658 | D:4      | Identified 2 scrolls of acquirement
  4659 | D:4      | Acquired a +1 barding of cold resistance
  4668 | D:4      | Acquired a +2 broad axe of distortion
  4910 | D:5      | Entered Level 5 of the Dungeon
  4935 | D:5      | Noticed Eustachio
  4949 | D:5      | Killed Eustachio
  4950 | D:5      | Gained mutation: You regenerate magic and health when
                  | rolling toward enemies. (Rampage Regen) [Armataur growth]
  4950 | D:5      | Reached XP level 7. HP: 17/53 MP: 12/12
  4986 | D:5      | Reached skill level 1 in Invocations
  5027 | D:5      | Found a staircase to the Ecumenical Temple.
  5097 | D:5      | Found an iron altar of Okawaru.
  5253 | D:5      | Found a runed translucent door.
  5254 | D:5      | Noticed Crazy Yiuf
  5587 | D:5      | Reached XP level 8. HP: 61/61 MP: 14/14
  5601 | D:5      | Reached skill level 1 in Axes
  5714 | D:5      | Found Jizeizatoj's Armour Emporium.
  5715 | D:5      | Noticed an animated shadow dragon scales
  5722 | D:5      | Noticed an animated crystal plate armour
  5737 | D:5      | Gained mutation: You are agile. (Dex +4, Str/Int -1)
                  | [potion of mutation]
  5737 | D:5      | Gained mutation: Your body sometimes deteriorates upon
                  | taking damage. [potion of mutation]
  5737 | D:5      | Slain by an orc warrior

Illustrated notes

Levels and vault maps discovered:
D:1:      roderic_lyre, layout_rooms, minivault_5, minmay_misc_feat_roman,
          kennysheep_flooded_box, nrook_mini_vaults, minmay_misc_feat_columns,
          minmay_worlds_worst_comb
D:2:      layout_loops_ring, ebering_ecumenical_altar_webs, serial_shops,
          nicolae_shop_tiny_glass, guppyfry_early_orc_mine
D:3:      layout_loops_ring, cheibrodos_ashenzari_chains,
          makhleb_altar_promises_db
D:4:      layout_rooms, gammafunk_temple_overflow_pools
D:5:      layout_loops_corners, mainiacjoe_overflow_surrounded_room,
          lemuel_coloured_pillars_altar, temple_statues, serial_shops,
          nicolae_shop_mannequins, hangedman_abyss_or_decor_stabs,
          uniq_crazy_yiuf_cottage, uniq_eustachio

Skill      XL: |  1  2  3  4  5  6  7  8 |
---------------+-------------------------+-----
Conjurations   | 1 2 3 |  3.8
Spellcasting   | 3 4 |  4.5
Summonings     | 1 2 3 |  3.3
Dodging        | 2 3 |  3.0
Fighting       | 1 2 |  2.4
Stealth        | 3 4 |  4.1
Invocations    | 1 |  1.9
Axes           | 1 |  1.1
Translocations | |  1.4

Action                     |  1- 3 |  4- 6 |  7- 9 || total
---------------------------+-------+-------+-------++-------
  Melee: Dagger            |    40 |    19 |       ||    59
         Tailslap          |    12 |     3 |     9 ||    24
         Broad axe         |       |     6 |    97 ||   103
         Punch             |       |       |     1 ||     1
   Cast: Magic Dart        |   112 |   150 |    24 ||   286
         Call Imp          |     1 |     5 |     1 ||     7
    Use: Scroll            |       |     8 |     1 ||     9
         Potion            |       |     1 |     3 ||     4
   Stab: Sleeping          |       |       |     1 ||     1
 Armour: Robe              |    57 |    74 |    73 ||   204
  Dodge: Dodged            |    45 |    42 |    66 ||   153
         Repelled          |     5 |     1 |       ||     6
